 Dungeon Crawl Stone Soup version 0.30-a0-605-gb2882149bf (webtiles) character file.

Game seed: 14607385047769409104

867 brightshaft the Cutter (level 8, -2/48 HPs)
             Began as a Tengu Berserker on Jan 7, 2023.
             Was a Priest of Trog.
             Slain by an ogre
             ... wielding a +0 giant club
              (21 damage)
             ... on level 5 of the Dungeon.
             The game lasted 00:08:03 (4300 turns).

brightshaft the Cutter (Tengu Berserker)            Turns: 4300, Time: 00:08:03

Health: -2/48      AC:  6    Str: 17    XL:     8   Next: 3%
Magic:  9/9        EV: 13    Int:  8    God:    Trog [***...]
Gold:   191        SH:  7    Dex: 16    Spells: 7/7 levels left

rFire   . . .      SeeInvis .    a - +0 short sword (speed)
rCold   . . .      Faith    .    n - +0 kite shield
rNeg    . . .      Spirit   .    o - +0 ring mail
rPois   .          Reflect  .    (helmet restricted)
rElec   .          Harm     .    (no cloak)
rCorr   .          Rampage  .    (no gloves)
Will    .....                    (boots unavailable)
Stlth   ++                       (no amulet)
HPRegen 0.28/turn                (no ring)
MPRegen 0.11/turn                (no ring)

@: on berserk cooldown, flying quickly and evasively, slowed, very slow
A: beak, talons 3, nimble flight
a: Renounce Religion, Berserk, Trog's Hand


You were on level 5 of the Dungeon.
You worshipped Trog.
Trog was most pleased with you.
You visited 1 branch of the dungeon, and saw 5 of its levels.

You collected 191 gold pieces.

Inventory:

Hand Weapons
 a - a +0 short sword of speed (weapon)
Missiles
 c - a throwing net (quivered)
Armour
 b - a +0 animal skin
 l - a +0 scale mail
 n - a +0 kite shield (worn)
 o - a +0 ring mail (worn)
Jewellery
 d - a ring of ice
 k - a ring of protection from fire
Wands
 j - a wand of light (23)
 p - a wand of roots (5)
 u - a wand of paralysis (10)
Scrolls
 f - 2 scrolls of identify {@r1}
 i - a scroll of teleportation {@r4}
 t - a scroll of blinking
Potions
 e - 2 potions of haste {unknown}
 g - a potion of mutation {unknown}
 h - 2 potions of curing {@q1}
 m - a potion of might {unknown}
 q - a potion of brilliance {unknown}
 r - a potion of resistance {unknown}
 s - 2 potions of lignification {unknown}


   Skills:
 + Level 4.7 Fighting
 * Level 6.5 Short Blades
 + Level 4.5 Armour
 + Level 4.5 Dodging
 + Level 3.2 Stealth


You had 7 spell levels left.
You didn't know any spells.
Your spell library was empty.

Dungeon Overview and Level Annotations

Branches:
Dungeon (5/15)
 Temple: D:4-7

Altars:
Cheibriados
Dithmenos
Hepliaklqana
Kikubaaqudgha
Okawaru
Wu Jian
Zin

Annotations:
D:3 3 runed translucent doors, Heh's ghost, amateur OpHW


Innate Abilities, Weirdness & Mutations

You have a beak for a mouth.
You have claws for feet.
Your magical nature lets you fly swiftly and evasively.


Message History

You puncture the howler monkey! You claw the howler monkey!
You kill the howler monkey!
Trog accepts your kill.
You have reached level 8!
You feel clever.
You are possessed by a berserker rage.
You are flying quickly and evasively.
Your flying speed is very quick.
Your attack delay is about 0.4 (and is slowed by your shield).
Your damage rating with your +0 short sword of speed is about 7 (Base 5 x 115% (Dex) x 121% (Skill)).
You puncture the orc!
You kill the orc!
Trog accepts your kill.
No target in view!
No target in view!
No target in view!
You feel a strong urge to attack something.
You are no longer berserk.
You are exhausted.
You feel yourself slow down.
An ogre comes into view. It is wielding a +0 giant club.
You block the ogre's attack. The ogre misses you. The ogre misses you.
The ogre hits you with a +0 giant club!!
The ogre barely misses you. You block the ogre's attack.
You block the ogre's attack. The ogre barely misses you.
The ogre barely misses you. The ogre misses you. The ogre barely misses you.
You block the ogre's attack. The ogre hits you but does no damage.
The ogre misses you.
An orc comes into view. It is wielding a +0 hand axe.
The ogre hits you with a +0 giant club! The ogre barely misses you.
The ogre attacks as you move away!
The ogre hits you with a +0 giant club!!
You die...

...............
..#######.#### #.# ###
#.#### #.#######.....
####...'_'...#.##
#....###'###...## #
#.##.# #.# #..##.
###.##)##.###.###.....
#..oO@)##.........###.
#.#.#)############# #.
# ... #. .#.## #.
....# #. .. ... #.
####### #. #. #.


You could see an ogre and an orc.

Vanquished Creatures
  An ogre (D:5)
  A centaur (D:5)
  2 scorpions
  A howler monkey (D:5)
  4 hounds
  A jelly (D:4)
  3 orc priests (D:4)
  Ijyb (D:5)
  3 orc wizards
  A mummy (D:4)
  Robin (D:3)
  2 adders
  A white imp (D:3)
  2 dart slugs
  26 orcs
  3 bats
  5 endoplasms
  6 giant cockroaches
  11 goblins
  18 hobgoblins
  17 jackals
  5 kobolds
  6 quokkas
  13 ball pythons
  2 frilled lizards
  6 rats
142 creatures vanquished.

Vanquished Creatures (others)
  An orc (D:5)
1 creature vanquished.

Grand Total: 143 creatures vanquished

Notes
Turn   | Place    | Note
-------+----------+-------------------------------------------
     0 | D:1      | brightshaft the Tengu Berserker began the quest for the
                  | Orb.
     0 | D:1      | Reached XP level 1. HP: 14/14 MP: 2/2
    33 | D:1      | Reached XP level 2. HP: 15/19 MP: 3/3
   477 | D:1      | Reached XP level 3. HP: 23/23 MP: 4/4
   527 | D:1      | Reached ** piety under Trog
   880 | D:2      | Reached skill level 4 in Short Blades
  1148 | D:2      | Reached XP level 4. HP: 28/28 MP: 5/5
  1519 | D:3      | Found an ancient bone altar of Kikubaaqudgha.
  1606 | D:3      | Found a hazy altar of Hepliaklqana.
  1620 | D:3      | Found a runed translucent gate.
  1620 | D:3      | Found a runed translucent gate.
  1620 | D:3      | Found a runed translucent gate.
  1621 | D:3      | Noticed Heh's ghost (amateur OpHW)
  1748 | D:3      | Found an iron altar of Okawaru.
  2190 | D:3      | Found an ornate altar of the Wu Jian Council.
  2214 | D:3      | Found a glowing silver altar of Zin.
  2602 | D:3      | Gained mutation: Your magical nature lets you fly swiftly
                  | and evasively. [Tengu growth]
  2602 | D:3      | Reached XP level 5. HP: 27/32 MP: 6/6
  2604 | D:3      | Reached *** piety under Trog
  2659 | D:3      | Noticed Robin
  2684 | D:3      | Killed Robin
  2685 | D:3      | Reached skill level 1 in Stealth
  2995 | D:4      | Reached XP level 6. HP: 30/38 MP: 7/7
  3045 | D:4      | Reached skill level 5 in Short Blades
  3105 | D:4      | Found a snail-covered altar of Cheibriados.
  3708 | D:5      | Entered Level 5 of the Dungeon
  3710 | D:5      | Noticed Ijyb
  3727 | D:5      | Killed Ijyb
  3728 | D:5      | Reached XP level 7. HP: 15/43 MP: 8/8
  3759 | D:4      | HP: 1/43 [hound (5)]
  3996 | D:5      | Reached skill level 6 in Short Blades
  4247 | D:5      | Found a shadowy altar of Dithmenos.
  4277 | D:5      | Reached XP level 8. HP: 48/48 MP: 9/9
  4300 | D:5      | Slain by an ogre

Illustrated notes

Levels and vault maps discovered:
D:1:      dpeg_arrival_leaves_temple_mockup, layout_loops_cross,
          minmay_misc_feat_chi, minmay_nonomino_d4
D:2:      layout_rooms
D:3:      minmay_chambers_of_threes, layout_loops_corners,
          kennysheep_okawaru_gauntlet, worldfamousw_hep_ancestral_shrine,
          kiku_gazebo_pond_becter, mainiacjoe_overflow_two_lobes,
          gammafunk_ghost_necromancy, grunt_ministairs_9, uniq_robin
D:4:      layout_basic, slow_altar_2
D:5:      layout_loops_ring, lemuel_doored_altar, grunt_ministairs_6, uniq_ijyb

Skill      XL: |  1  2  3  4  5  6  7 |
---------------+----------------------+-----
Short Blades   | 4 5 6 |  6.5
Dodging        | 3 4 |  4.5
Armour         | 3 4 |  4.5
Stealth        | 1 2 3 |  3.2
Fighting       | 4 |  4.7

Action                   |  1- 3 |  4- 6 |  7- 9 || total
-------------------------+-------+-------+-------++-------
Melee: Short sword       |   125 |   202 |    74 ||   401
       Kick              |    27 |    50 |    24 ||   101
       Peck              |    16 |    27 |    18 ||    61
       Punch             |     5 |       |       ||     5
Invok: Berserk           |     1 |     7 |     2 ||    10
       Trog's Hand       |       |     3 |       ||     3
  Use: Scroll            |     1 |     5 |       ||     6
       Potion            |       |       |     3 ||     3
Armor: Animal skin       |    22 |     5 |       ||    27
       Scale mail        |       |    19 |       ||    19
       Ring mail         |       |     8 |    17 ||    25
Dodge: Dodged            |    78 |    86 |    48 ||   212
Block: Kite shield       |       |    55 |    31 ||    86

Table legend: (Time is in decaauts)
 A = Elapsed time spent in this place.
 B = Non-inter-level travel time spent in this place.
 C = Inter-level travel time spent in this place.
 D = Time resting spent in this place.
 E = Time spent auto-exploring this place.
 F = Levels seen in this place.
 G = Mean time per level.
                   A        B        C        D        E       F      G
               +--------+--------+--------+--------+--------+-----+--------+
         Total |   4149 |   4062 |     87 |      0 |   2990 |   5 |  829.8 |
       Dungeon |   4149 |   4062 |     87 |      0 |   2990 |   5 |  829.8 |
               +--------+--------+--------+--------+--------+-----+--------+

Top non-repeatable levels by time:
     D:3: 1399 daAuts
     D:4: 861 daAuts
     D:1: 859 daAuts
     D:2: 617 daAuts
     D:5: 410 daAuts
